 Dungeon Crawl Stone Soup version 0.30.0-30-g96aa6591b8 (webtiles) character file.

Game seed: 5476617042666698107

4 Peloso the Trooper (level 1, -3/20 HPs)
             Began as a Minotaur Fighter on June 30, 2023.
             Slain by a goblin
             ... wielding a +1 dagger of electrocution
              (16 damage)
             ... on level 1 of the Dungeon.
             The game lasted 00:00:12 (181 turns).

Peloso the Trooper (Minotaur Fighter)                Turns: 181, Time: 00:00:13

Health: -3/20      AC:  7    Str: 20    XL:     1   Next: 58%
Magic:  0/0        EV:  9    Int:  5    God:
Gold:   8          SH:  4    Dex:  9    Spells: 0/0 levels left

rFire   . . .        a - +0 long sword
rCold   . . .        c - +0 buckler
rNeg    . . .        b - +0 scale mail
rPois   .            (helmet restricted)
rElec   .            (no cloak)
rCorr   .            (no gloves)
SInv    .            (no boots)
Will    .....        (no amulet) Stlth
                     (no ring)
HPRegen 0.23/turn    (no ring)
MPRegen 0.07/turn

%: no passive effects
@: no status effects
A: horns 2, retaliatory headbutt
a: no special abilities


You were on level 1 of the Dungeon.
You visited 1 branch of the dungeon, and saw 1 of its levels.

You collected 8 gold pieces.

Inventory:

Hand Weapons
 a - a +0 long sword (weapon)
Armour
 b - a +0 scale mail (worn)
 c - a +0 buckler (worn)
Scrolls
 e - a scroll of blinking {unknown}
Potions
 d - 2 potions of might
 f - a potion of heal wounds {unknown}


   Skills:
 + Level 3.7 Fighting
 + Level 2.7 Long Blades
 + Level 3.7 Armour
 + Level 3.7 Shields


You couldn't memorise any spells.
You didn't know any spells.
Your spell library was empty.

Dungeon Overview and Level Annotations

Branches:
Dungeon (1/15)

Altars:


Innate Abilities, Weirdness & Mutations

You have a pair of horns on your head.
You reflexively headbutt those who attack you in melee.


Message History

You now have 8 gold pieces.
You see here a quokka corpse.
f - a fizzy inky potion A ball python and a bat come into view.
There are monsters nearby!
There are monsters nearby!
There are monsters nearby!
Found a robe.
Found a faded altar of an unknown god.
The bat hits you but does no damage.
You barely miss the bat. The bat hits you but does no damage. x2
You closely miss the bat. You headbutt the bat, but do no damage.
You block the bat's attack. The bat hits you but does no damage.
The ball python bites you but does no damage.
The ball python grabs you. The ball python constricts you.
You miss the bat. The bat hits you but does no damage. The bat hits you.
You block the ball python's attack. The ball python constricts you.
You closely miss the bat. The bat hits you.
The ball python bites you but does no damage.
The ball python constricts you. The bat hits you but does no damage.
The ball python barely misses you. The ball python constricts you.
You miss the bat. The bat hits you. The ball python closely misses you.
The ball python constricts you.
You escape the ball python's grasp.
A goblin comes into view.
It is wielding a +1 dagger of electrocution.
The goblin shouts!
The bat hits you but does no damage. The ball python bites you.
The ball python grabs you. The ball python constricts you.
You closely miss the ball python. You headbutt the ball python.
You kill the ball python!
The bat hits you but does no damage. The bat hits you but does no damage.
You see here a ball python corpse.
Unknown command.
You slash the bat!
You kill the bat!
A rat comes into view.
An endoplasm comes into view.
The goblin hits you but does no damage.
You are electrocuted!
Ouch! That really hurt!
You die...

#.# ##.#####... #.#
#..........#..... #.#
#.#######..~...J. #.#
#.# ##.#~.~.r.~ #.# #.#
#.#..~.~.~. #.# #.#
#.#...~.≈.~ ###.####.#
#.#...~≈.≈~
#.....##.#####.#.g[~≈_≈~
#.###.##.......#@.~.~≈~.
..# .########..#~~~~.~~
#.# # #†#.#..~.~. #...
#.##.#.~.~. ##..# #.#
#.##.## ...... #.# #..
.. ##..### #.# ##. . ..#
#.# # ..# #.#


You could see an endoplasm, a goblin and a rat.

Vanquished Creatures
  A goblin (D:1)
  A quokka (D:1)
  2 ball pythons (D:1)
  A bat (D:1)
5 creatures vanquished.

Notes
Turn   | Place    | Note
-------+----------+-------------------------------------------
     0 | D:1      | Peloso the Minotaur Fighter began the quest for the Orb.
     0 | D:1      | Reached XP level 1. HP: 19/19 MP: 0/0
   170 | D:1      | Found a faded altar of an unknown god.
   181 | D:1      | Slain by a goblin

Illustrated notes

Levels and vault maps discovered:
D:1:      nzn_arrival_depleted_hourglass, layout_loops_ring,
          shapermc_ecumenical_altar_starsandcircs

Action                     || total
---------------------------++-------
  Melee: Long sword        ||    16
         Headbutt          ||     2
 Armour: Scale mail        ||    17
  Dodge: Dodged            ||     6
  Block: Buckler           ||     3
